3AA
BETHESDA ATOMS @ DURHAM RAPIERS
08/12/2038
 
TOP OF THE 1ST
Bethesda Atoms batting - Pitching for Durham Rapiers : RHP Freddy Calcines
Pitching: RHP Freddy Calcines
Batting: RHB Tomas van Noord 0-0: Ball
1-0: Swinging Strike
1-1: Called Strike
1-2: Strikes out swinging
Batting: RHB Wilson Mitchell 0-0: Ground out 1-3 (Groundball, 13, EV 81.9 MPH)
Batting: RHB José Ortega 0-0: Ball
1-0: Ball
2-0: Fly out, F8 (Flyball, 8RM, EV 85.6 MPH)
Top of the 1st over - 0 runs, 0 hits, 0 errors, 0 left on base; Bethesda 0 - Durham 0
BOTTOM OF THE 1ST
Durham Rapiers batting - Pitching for Bethesda Atoms : RHP Cristóbal Román
Pitching: RHP Cristóbal Román
Batting: RHB Kevin Bates 0-0: Called Strike
0-1: Ball
1-1: Swinging Strike
1-2: Strikes out swinging
Batting: RHB Brandon Palmer 0-0: Ball
1-0: Ball
2-0: Ball
3-0: Called Strike
3-1: Fly out, F4 (Popup, 4M, EV 60.0 MPH)
Batting: SHB John Wilder 0-0: Ground out 3-1 (Groundball, 3S, EV 64.4 MPH)
Bottom of the 1st over - 0 runs, 0 hits, 0 errors, 0 left on base; Bethesda 0 - Durham 0
TOP OF THE 2ND
Bethesda Atoms batting - Pitching for Durham Rapiers : RHP Freddy Calcines
Batting: LHB Felipe Dávila 0-0: Swinging Strike
0-1: Fly out, F7 (Flyball, 7LD, EV 86.9 MPH)
Batting: RHB Andy Combs 0-0: Called Strike
0-1: Ball
1-1: Ball
2-1: Swinging Strike
2-2: Ball
3-2: Foul Ball, location: 2F
3-2: Strikes out looking
Batting: RHB Alan Hubbard 0-0: Called Strike
0-1: Foul Ball, location: 2F
0-2: Ball
1-2: Foul Ball, location: 2F
1-2: Foul Ball, location: 2F
1-2: Ball
2-2: Foul Ball, location: 2F
2-2: Strikes out looking
Top of the 2nd over - 0 runs, 0 hits, 0 errors, 0 left on base; Bethesda 0 - Durham 0
BOTTOM OF THE 2ND
Durham Rapiers batting - Pitching for Bethesda Atoms : RHP Cristóbal Román
Batting: RHB Bearooz Yacoobi 0-0: Ball
1-0: Foul Ball, location: 2F
1-1: Foul Ball, location: 2F
1-2: Fly out, F8 (Flyball, 8RD, EV 105.6 MPH)
Batting: SHB Guo-liang Ye 0-0: Ball
1-0: SINGLE (Flyball, 78S, EV 87.5 MPH)
Batting: RHB Marvin Strickland 0-0: Fly out, F5 (Popup, 25F, EV 84.4 MPH)
Batting: SHB Takechi Yamashita 0-0: Fielders Choice at 2nd, 6-4 (Groundball, 6, EV 87.5 MPH)
Bottom of the 2nd over - 0 runs, 1 hit, 0 errors, 1 left on base; Bethesda 0 - Durham 0
TOP OF THE 3RD
Bethesda Atoms batting - Pitching for Durham Rapiers : RHP Freddy Calcines
Batting: RHB Mike Marshall 0-0: Ball
1-0: Ball
2-0: Called Strike
2-1: Ball
3-1: Base on Balls
Batting: RHB Luis González 0-0: Foul Ball, location: 2F
0-1: SINGLE (Line Drive, 7LS, EV 106.2 MPH)
Mike Marshall to second
Batting: SHB Ramón Muńóz 0-0: Ball
1-0: Ball
2-0: Called Strike
2-1: Foul Ball, location: 2F
2-2: Ball
3-2: Base on Balls
Mike Marshall to third
Luis González to second
Batting: RHB Tomas van Noord 0-0: Ball
1-0: Ball
2-0: Called Strike
2-1: Fielders Choice at 2nd, 6-4 (Groundball, 6, EV 88.1 MPH)
Mike Marshall scores
Luis González to third
Batting: RHB Wilson Mitchell 0-0: Ball
1-0: Grounds into double play, 4-6-3 (Groundball, 4, EV 100.6 MPH)
Top of the 3rd over - 1 run, 1 hit, 0 errors, 1 left on base; Bethesda 1 - Durham 0
BOTTOM OF THE 3RD
Durham Rapiers batting - Pitching for Bethesda Atoms : RHP Cristóbal Román
Batting: SHB Tekkan Hayagawa 0-0: Ball
1-0: Ball
2-0: Fly out, F8 (Flyball, 78M, EV 78.8 MPH)
Batting: RHB Kiyohira Kan 0-0: Ball
1-0: Ball
2-0: SOLO HOME RUN (Line Drive, 78XD, EV 97.5 MPH), Distance : 417 ft
Batting: RHB Kevin Bates 0-0: Ball
1-0: SINGLE (Line Drive, 8LS, EV 95.0 MPH)
Batting: RHB Brandon Palmer 0-0: Ball
Kevin Bates steals 2nd base
1-0: Foul Ball, location: 2F
1-1: Called Strike
1-2: Ball
2-2: Ball
3-2: Base on Balls
Batting: SHB John Wilder 0-0: Ball
1-0: Ball
2-0: Ball
3-0: Base on Balls
Kevin Bates to third
Brandon Palmer to second
Batting: RHB Bearooz Yacoobi 0-0: Called Strike
0-1: Called Strike
0-2: SINGLE (Line Drive, 8LS, EV 113.1 MPH)
Kevin Bates scores
Brandon Palmer to third
John Wilder to second
Runner from 3rd tries for Home, SAFE, throw by CF to trailing runner, OUT at third! 8-5
Batting: SHB Guo-liang Ye 0-0: Ball
1-0: Called Strike
1-1: Called Strike
1-2: Ball
2-2: Ball
3-2: Foul Ball, location: 2F
3-2: Fly out, F5 (Popup, 56S, EV 75.6 MPH)
Bottom of the 3rd over - 3 runs, 3 hits, 0 errors, 1 left on base; Bethesda 1 - Durham 3
TOP OF THE 4TH
Bethesda Atoms batting - Pitching for Durham Rapiers : RHP Freddy Calcines
Batting: RHB José Ortega 0-0: Ball
1-0: Fly out, F9 (Flyball, 9, EV 81.9 MPH)
Batting: LHB Felipe Dávila 0-0: Foul Ball, location: 2F
0-1: Ball
1-1: Ball
2-1: Ball
3-1: Ground out 5-3 (Groundball, 56S, EV 86.2 MPH)
Batting: RHB Andy Combs 0-0: Called Strike
0-1: Foul Ball, location: 2F
0-2: Strikes out swinging
Top of the 4th over - 0 runs, 0 hits, 0 errors, 0 left on base; Bethesda 1 - Durham 3
BOTTOM OF THE 4TH
Durham Rapiers batting - Pitching for Bethesda Atoms : RHP Cristóbal Román
Batting: RHB Marvin Strickland 0-0: Fly out, F7 (Flyball, 7, EV 86.9 MPH)
Batting: SHB Takechi Yamashita 0-0: Called Strike
0-1: Ball
1-1: Foul Ball, location: 2F
1-2: Ball
2-2: Fly out, F7 (Flyball, 7, EV 87.5 MPH)
Batting: SHB Tekkan Hayagawa 0-0: Swinging Strike
0-1: Swinging Strike
0-2: Ball
1-2: Strikes out swinging
Bottom of the 4th over - 0 runs, 0 hits, 0 errors, 0 left on base; Bethesda 1 - Durham 3
TOP OF THE 5TH
Bethesda Atoms batting - Pitching for Durham Rapiers : RHP Freddy Calcines
Batting: RHB Alan Hubbard 0-0: Foul Ball, location: 2F
0-1: Foul Ball, location: 2F
0-2: Strikes out swinging
Batting: RHB Mike Marshall 0-0: Foul Ball, location: 2F
0-1: Swinging Strike
0-2: Ground out 4-3 (Groundball, 4, EV 105.0 MPH)
Batting: RHB Luis González 0-0: Called Strike
0-1: Ground out 1-3 (Groundball, P, EV 90.0 MPH)
Top of the 5th over - 0 runs, 0 hits, 0 errors, 0 left on base; Bethesda 1 - Durham 3
BOTTOM OF THE 5TH
Durham Rapiers batting - Pitching for Bethesda Atoms : RHP Cristóbal Román
Batting: RHB Kiyohira Kan 0-0: SINGLE (Line Drive, 8RS, EV 103.8 MPH)
Batting: RHB Kevin Bates 0-0: Ball
1-0: Swinging Strike
1-1: Swinging Strike
1-2: Ball
2-2: Ball
3-2: Foul Ball, location: 2F
3-2: Fly out, F6 (Line Drive, 6, EV 64.4 MPH)
Batting: RHB Brandon Palmer 0-0: Foul Ball, location: 2F
0-1: Ball
1-1: Foul Ball, location: 2F
1-2: Fielders Choice at 2nd, 5-4 (Groundball, 56S, EV 83.1 MPH)
Batting: SHB John Wilder 0-0: Ball
1-0: Foul Ball, location: 2F
1-1: Foul Ball, location: 2F
1-2: Ball
2-2: Reached on error, E3 (Groundball, 34, EV 88.1 MPH)
Brandon Palmer to third
Batting: RHB Bearooz Yacoobi 0-0: Ball
1-0: Ball
2-0: Ball
3-0: Called Strike
3-1: Called Strike
3-2: Foul Ball, location: 2F
3-2: Foul Ball, location: 2F
3-2: SINGLE (Line Drive, 34D, EV 106.9 MPH)
Brandon Palmer scores
John Wilder to third
John Wilder scores
Batting: SHB Guo-liang Ye 0-0: Swinging Strike
0-1: Swinging Strike
0-2: Ball
1-2: Fielders Choice at 2nd, U6 (Groundball, 6M, EV 87.5 MPH)
Bottom of the 5th over - 2 runs, 2 hits, 1 error, 1 left on base; Bethesda 1 - Durham 5
TOP OF THE 6TH
Bethesda Atoms batting - Pitching for Durham Rapiers : RHP Freddy Calcines
Batting: SHB Ramón Muńóz 0-0: Called Strike
0-1: Ball
1-1: DOUBLE (Line Drive, 8RXD, EV 105.6 MPH)
Batting: RHB Tomas van Noord 0-0: Called Strike
0-1: Foul Ball, location: 2F
0-2: Ball
1-2: Strikes out swinging
Pitching: RHP Wilbert Gallegos
Batting: RHB Wilson Mitchell 0-0: Called Strike
0-1: Ball
1-1: Fly out, F9 (Line Drive, 9, EV 98.1 MPH)
Batting: RHB José Ortega 0-0: Foul Ball, location: 2F
0-1: Ball
1-1: Ball
2-1: Foul Ball, location: 2F
2-2: Foul Ball, location: 2F
2-2: Strikes out swinging
Top of the 6th over - 0 runs, 1 hit, 0 errors, 1 left on base; Bethesda 1 - Durham 5
BOTTOM OF THE 6TH
Durham Rapiers batting - Pitching for Bethesda Atoms : RHP Cristóbal Román
Batting: RHB Marvin Strickland 0-0: Ball
1-0: Ball
2-0: Called Strike
2-1: Called Strike
2-2: Ball
3-2: Foul Ball, location: 2F
3-2: Foul Ball, location: 2F
3-2: Fly out, F9 (Flyball, 9, EV 88.8 MPH)
Pitching: RHP Bill Tench
Batting: SHB Takechi Yamashita 0-0: Called Strike
0-1: Foul Ball, location: 2F
0-2: Foul Ball, location: 2F
0-2: Ground out 1-3 (Groundball, 15S, EV 70.6 MPH)
Batting: SHB Tekkan Hayagawa 0-0: Called Strike
0-1: Ball
1-1: Ball
2-1: Swinging Strike
2-2: Ground out 4-3 (Groundball, 4, EV 83.8 MPH)
Bottom of the 6th over - 0 runs, 0 hits, 0 errors, 0 left on base; Bethesda 1 - Durham 5
TOP OF THE 7TH
Bethesda Atoms batting - Pitching for Durham Rapiers : RHP Wilbert Gallegos
Batting: LHB Felipe Dávila 0-0: SOLO HOME RUN (Flyball, 7D, EV 95.6 MPH), Distance : 368 ft
Batting: RHB Andy Combs 0-0: Ball
1-0: Ball
2-0: Fly out, F8 (Flyball, 8RM, EV 86.2 MPH)
Batting: RHB Alan Hubbard 0-0: Called Strike
0-1: Ball
1-1: Ball
2-1: Foul Ball, location: 2F
2-2: Ball
3-2: Strikes out swinging
Batting: RHB Mike Marshall 0-0: Ball
1-0: Called Strike
1-1: Ball
2-1: Foul Ball, location: 2F
2-2: Ball
3-2: DOUBLE (Groundball, 3L, EV 104.4 MPH)
Batting: RHB Luis González 0-0: Ground out 5-3 (Groundball, 5L, EV 88.1 MPH)
Top of the 7th over - 1 run, 2 hits, 0 errors, 1 left on base; Bethesda 2 - Durham 5
BOTTOM OF THE 7TH
Durham Rapiers batting - Pitching for Bethesda Atoms : RHP Bill Tench
Batting: RHB Kiyohira Kan 0-0: Called Strike
0-1: Swinging Strike
0-2: Ball
1-2: SINGLE (Line Drive, 9, EV 85.6 MPH)
Batting: RHB Kevin Bates 0-0: Ball
1-0: Called Strike
1-1: Swinging Strike
1-2: Foul Ball, location: 2F
1-2: Foul Ball, location: 2F
1-2: Fly out, F9 (Flyball, 89M, EV 85.6 MPH)
Batting: RHB Brandon Palmer 0-0: Ball
1-0: Ball
2-0: Swinging Strike
2-1: Ball
3-1: Foul Ball, location: 2F
3-2: Foul Ball, location: 2F
3-2: Base on Balls
Kiyohira Kan to second
Batting: SHB John Wilder 0-0: Ball
1-0: Ground out 4-3 (Groundball, 4MS, EV 73.8 MPH)
Kiyohira Kan to third
Brandon Palmer to second
Batting: RHB Bearooz Yacoobi 0-0: Foul Ball, location: 2F
0-1: Swinging Strike
0-2: SINGLE (Line Drive, 78M, EV 90.6 MPH)
Kiyohira Kan scores
Brandon Palmer to third
Runner from 3rd tries for Home, SAFE, throw by LF to home
Batting: SHB Guo-liang Ye 0-0: Foul Ball, location: 2F
0-1: Ball
1-1: Fly out, F8 (Line Drive, 8LM, EV 94.4 MPH)
Bottom of the 7th over - 2 runs, 2 hits, 0 errors, 1 left on base; Bethesda 2 - Durham 7
TOP OF THE 8TH
Bethesda Atoms batting - Pitching for Durham Rapiers : RHP Wilbert Gallegos
Batting: SHB Ramón Muńóz 0-0: Called Strike
0-1: Ball
1-1: SINGLE (Flyball, 8RS, EV 93.1 MPH)
Batting: RHB Tomas van Noord 0-0: Foul Ball, location: 2F
0-1: Ball
1-1: Fly out, F9 (Flyball, 89S, EV 84.4 MPH)
Batting: RHB Wilson Mitchell 0-0: Ball
1-0: Called Strike
1-1: Ball
2-1: Called Strike
2-2: Ball
3-2: Strikes out swinging
Batting: RHB José Ortega 0-0: Ball
1-0: Fly out, F7 (Flyball, 78D, EV 104.4 MPH)
Top of the 8th over - 0 runs, 1 hit, 0 errors, 1 left on base; Bethesda 2 - Durham 7
BOTTOM OF THE 8TH
Durham Rapiers batting - Pitching for Bethesda Atoms : RHP Bill Tench
Batting: RHB Marvin Strickland 0-0: Ground out 4-3 (Groundball, 4M, EV 102.5 MPH)
Batting: SHB Takechi Yamashita 0-0: Called Strike
0-1: Foul Ball, location: 2F
0-2: Foul Ball, location: 2F
0-2: Ball
1-2: Ball
2-2: SINGLE (Flyball, 9LS, EV 90.0 MPH)
Pitching: LHP Jules Goux
Batting: SHB Tekkan Hayagawa 0-0: Grounds into double play, 6-4-3 (Groundball, 6, EV 78.1 MPH)
Bottom of the 8th over - 0 runs, 1 hit, 0 errors, 0 left on base; Bethesda 2 - Durham 7
TOP OF THE 9TH
Bethesda Atoms batting - Pitching for Durham Rapiers : RHP Wilbert Gallegos
Batting: LHB Felipe Dávila 0-0: Fly out, F8 (Flyball, 78D, EV 83.8 MPH)
Batting: RHB Andy Combs 0-0: Ball
1-0: Swinging Strike
1-1: Foul Ball, location: 2F
1-2: Strikes out swinging
Batting: RHB Alan Hubbard 0-0: Called Strike
0-1: Ball
1-1: Called Strike
1-2: Strikes out swinging
Top of the 9th over - 0 runs, 0 hits, 0 errors, 0 left on base; Bethesda 2 - Durham 7
Friday, April 17th, 2020 - OOTP Baseball 20.8 Build 74